AoeStats
← 鄙人張麻子

Arabia

505600026Analyzed
1v1 RM · 23d ago on Sep 10, 2026· 42m 25s· 2 players
Game mode
Random Map
Map size
Tiny (2 player)
Population
200
Speed
Normal
Resources
Standard
Victory
Conquest
Starting age
Dark Age
Ending age
Imperial Age
RankedLock teamsTeams togetherTeam positionsShared explorationLock speedFull tech treeHidden civsTurbo modeCheats
Victory
Defeat
🇹🇼 Magyars · Taiwan
1124
+14
🇲🇽 Celts · Mexico
1085
-14
tapiatemo
7:52 Loom
10:46 Feudal Age
20:04 Castle Age
17:54 Double-Bit Axe
19:30 Horse Collar
20:53 Pikeman
22:27 Bow Saw
30:10 Forging
33:48 Iron Casting
33:16 Scale Mail Armor
33:58 Wheelbarrow
35:53 Hand Cart
41:49 Imperial Age
41:29 Chain Mail Armor
42:17 Ballistics
41:57 Murder Holes
鄙人張麻子
6:51 Loom
9:04 Feudal Age
9:42 Double-Bit Axe
14:50 Wheelbarrow
16:30 Fletching
20:59 Castle Age
19:12 Horse Collar
21:38 Bodkin Arrow
22:04 Bow Saw
22:04 Husbandry
23:31 Town Watch
24:21 Bloodlines
27:02 Ballistics
29:06 Heavy Plow
30:17 Light Cavalry
32:02 Stone Mining
36:06 Imperial Age
34:25 Padded Archer Armor
34:32 Scale Barding Armor
35:31 Thumb Ring
37:55 Parthian Tactics
38:35 Conscription
40:06 Hand Cart
39:34 Hussar
40:11 Gold Mining
41:27 Fervor
42:22 Chain Barding Armor
42:03 Bracer
Connection lost

Rejoining the realm…

Still unreachable

The connection could not be restored.

Session expired

The server has moved on; the page needs a fresh start.